Map: [ESL] Equilibrium

Players

Nina

  • Race: Protoss Protoss
  • Spawn Location: 1:00

trigger - Winner!

  • Race: Protoss Protoss
  • Spawn Location: 11:00

Event: ESL SC2 Masters 2023 Winter (Regional)

VOD

Have the link to the VOD?

Description

Time

  • Played on: Nov. 2, 2023, 1:34 p.m.
  • Length: 9:57

All games in this series

Show
View Real Time Build Order
Export as new Build Order

Nina Protoss 

Build Orders: Blink Stalkers 

Get SALT Encoding   

  12  0:00  Probe  
  13  0:12  Probe  
  14  0:18  Pylon  
  14  0:24  Probe  
  15  0:36  Probe (Chrono Boost)  
  15  0:37  Gateway  
  16  0:47  Probe (Chrono Boost)  
  16  0:48  Assimilator  
  17  0:52  Probe (Chrono Boost)  
  17  0:56  Assimilator  
  18  1:03  Probe (Chrono Boost)  
  19  1:14  Probe (Chrono Boost)  
  19  1:15  Gateway  
  20  1:20  Probe (Chrono Boost)  
  21  1:28  Cybernetics Core  
  21  1:31  Probe  
  22  1:37  Pylon  
  22  1:43  Probe  
  23  1:55  Probe  
  24  2:04  Stalker x2  
  24  2:05  Warp Gate  
  28  2:16  Pylon  
  28  2:34  Stalker x2  
  32  2:39  Pylon  
  32  2:40  Twilight Council  
  32  3:01  Gateway  
  32  3:06  Stalker x2  
  36  3:14  Blink (Chrono Boost)  
  36  3:27  Shield Battery  
  36  3:53  Stalker  
  36  3:54  Stalker  
  36  3:55  Stalker  
  42  4:17  Stalker x2  
  42  4:20  Pylon  
  46  4:36  Nexus  
  40  4:50  Stalker x2  
  44  5:03  Probe  
  44  5:06  Sentry  
  47  5:12  Robotics Facility  
  47  5:15  Probe  
  48  5:27  Probe, Stalker  
  48  5:28  Stalker  
  53  5:38  Stalker  
  55  5:48  Probe  
  56  5:51  Probe  
  57  6:00  Probe  
  50  6:12  Probe (Chrono Boost)  
  50  6:13  Stalker x3  
  50  6:18  Observer  
  59  6:22  Probe (Chrono Boost)  
  59  6:23  Probe (Chrono Boost)  
  60  6:28  Probe (Chrono Boost)  
  60  6:29  Pylon, Probe (Chrono Boost)  
  62  6:39  Probe  
  61  6:40  Probe  
  61  6:41  Dark Shrine  
  62  6:48  Gateway  
  62  6:51  Probe  
  62  6:52  Pylon, Probe  
  64  7:00  Stalker x2  
  68  7:02  Observer  
  68  7:08  Probe (Chrono Boost)  
  69  7:11  Assimilator x2  
  69  7:12  Gateway  
  69  7:16  Probe (Chrono Boost)  
  69  7:21  Stalker  
  73  7:25  Probe (Chrono Boost)  
  73  7:31  Stalker x2  
  77  7:40  Pylon  
  77  7:41  Pylon  
  77  7:49  Probe  
  77  7:51  Immortal (Chrono Boost)  
  82  7:55  Dark Templar  
  82  8:01  Probe  
  82  8:04  Shield Battery  
  82  8:05  Dark Templar  
  85  8:09  Stalker  
  87  8:13  Probe  
  85  8:22  Stalker x2  
  85  8:26  Observer (Chrono Boost)  
  80  8:34  Stalker x2  
  41  8:49  Dark Templar  
  34  9:03  Stalker x2  
  38  9:26  Stalker  
  40  9:33  Dark Templar  
  31  9:50  Zealot  
Show
View Real Time Build Order
Export as new Build Order

trigger Protoss - Winner!

Build Orders: Phoenix Opening 

Get SALT Encoding   

  12  0:00  Probe  
  13  0:12  Probe  
  14  0:17  Pylon  
  14  0:24  Probe (Chrono Boost)  
  16  0:36  Probe (Chrono Boost)  
  16  0:37  Gateway  
  16  0:43  Probe (Chrono Boost)  
  16  0:46  Assimilator  
  17  0:51  Probe  
  17  0:54  Assimilator  
  18  1:03  Probe (Chrono Boost)  
  19  1:08  Gateway  
  19  1:13  Probe (Chrono Boost)  
  20  1:19  Probe  
  20  1:24  Cybernetics Core  
  21  1:31  Probe  
  22  1:34  Pylon  
  22  1:43  Probe  
  23  1:55  Probe  
  23  2:01  Warp Gate, Stalker  
  26  2:06  Pylon  
  28  2:09  Sentry  
  28  2:12  Probe  
  29  2:33  Nexus  
  29  2:38  Stalker  
  29  2:40  Phoenix  
  31  2:45  Shield Battery  
  31  2:48  Probe  
  32  2:56  Stalker  
  34  3:00  Probe  
  35  3:12  Probe  
  35  3:15  Twilight Council  
  35  3:17  Sentry  
  37  3:24  Probe  
  38  3:27  Pylon  
  38  3:34  Robotics Facility  
  38  3:45  Probe  
  40  3:51  Stalker x2  
  40  3:54  Probe  
  44  3:58  Phoenix  
  44  4:02  Probe  
  46  4:17  Stalker x2  
  46  4:19  Immortal (Chrono Boost)  
  53  4:27  Probe  
  53  4:28  Probe  
  55  4:33  Pylon  
  55  4:40  Probe  
  52  4:48  Stalker x2  
  53  5:01  Immortal (Chrono Boost)  
  54  5:08  Probe x2  
  54  5:14  Stalker  
  57  5:21  Probe x2 (Chrono Boost)  
  57  5:22  Phoenix  
  58  5:30  Probe (Chrono Boost)  
  58  5:31  Probe (Chrono Boost)  
  60  5:36  Probe (Chrono Boost)  
  60  5:37  Observer (Chrono Boost)  
  60  5:38  Probe (Chrono Boost)  
  60  5:39  Blink (Chrono Boost)  
  63  5:48  Probe (Chrono Boost)  
  65  5:52  Probe (Chrono Boost)  
  65  5:53  Probe (Chrono Boost)  
  65  5:55  Stalker  
  68  5:59  Probe  
  69  6:08  Probe  
  64  6:12  Probe  
  64  6:15  Robotics Facility  
  65  6:19  Assimilator  
  65  6:22  Gateway  
  65  6:23  Gateway  
  65  6:24  Probe  
  66  6:27  Zealot, Stalker  
  70  6:35  Pylon  
  70  6:40  Pylon  
  70  6:43  Pylon  
  70  6:53  Probe x2  
  72  6:54  Stalker x2  
  76  7:01  Warp Prism  
  76  7:03  Pylon  
  78  7:17  Stalker x3  
  78  7:18  Stalker  
  86  7:31  Gateway  
  86  7:33  Gateway  
  86  7:41  Stalker x3  
  92  7:52  Stalker  
  92  7:56  Pylon  
  92  7:57  Pylon  
  94  8:05  Stalker x3  
  96  8:11  Pylon  
  99  8:22  Stalker  
  99  8:23  Stalker  
  101  8:30  Stalker x2  
  101  8:31  Stalker x2  
  87  8:42  Observer (Chrono Boost)  
  58  9:16  Stalker  
  59  9:25  Probe  
  59  9:28  Probe  
  62  9:38  Probe  
  62  9:41  Probe  
Tags
 
Add a new tag
Caveats
  • Supply blocks, unpowered buildings, or Contaminate may cause inaccurate times.
  • Supply counts are checked every 10 seconds.